 Dungeon Crawl Stone Soup version 0.20-a0-548-g4f8a798 (webtiles) character file.

62 Lahna the Skirmisher (level 3, -8/49 HPs)
             Began as a Minotaur Gladiator on Feb 1, 2017.
             Was a Follower of Cheibriados.
             Mangled by a two-headed ogre
             ... wielding a +0 giant club
              (12 damage)
             ... on level 3 of the Dungeon.
             The game lasted 00:02:52 (1004 turns).

Lahna the Skirmisher (Minotaur Gladiator)           Turns: 1004, Time: 00:02:53

Health: -8/49      AC: 21    Str: 20    XL:     3   Next: 85%
Magic:  2/2        EV:  2    Int:  7    God:    Cheibriados [*.....]
Gold:   93         SH:  0    Dex: 19    Spells: 2/2 levels left

rFire    . . .     SeeInvis .   a - +0 quarterstaff
rCold    . . .     Gourm    .   (armour currently unavailable)
rNeg     + + +     Faith    .   (shield currently unavailable)
rPois    +         Spirit   .   (helmet currently unavailable)
rElec    .         Reflect  .   (cloak currently unavailable)
rCorr    .         Harm     .   (gloves currently unavailable)
MR       .....     NoTele   +   (boots currently unavailable)
Stlth    +++.......             (no amulet)
Regen    0.2/turn               (no ring)
                                (no ring)

@: agile, tree-form, very slow
A: (retaliatory headbutt), (horns 0)
a: Bend Time, Renounce Religion


You were on level 3 of the Dungeon.
You worshipped Cheibriados.
Cheibriados was aware of your devotion.
You were not hungry.
You were a tree.
You visited 1 branch of the dungeon, and saw 3 of its levels.

You collected 93 gold pieces.

Inventory:

Hand Weapons
 a - a +0 quarterstaff (weapon)
Missiles
 d - 3 throwing nets (quivered)
Armour
 c - a +0 hat (melded)
 e - a +0 scale mail (melded)
Scrolls
 b - a scroll of magic mapping {unknown}
 i - a scroll of fog {unknown}
 m - a scroll of recharging {unknown}
 o - a scroll of enchant armour {unknown}
 p - 2 scrolls of fear {unknown}
 r - 2 scrolls of remove curse
 u - a scroll of random uselessness {unknown}
 v - a scroll of immolation {unknown}
Potions
 l - a potion of magic {unknown}
 q - a potion of heal wounds
 s - a potion of curing {unknown}
Comestibles
 f - 2 bread rations
 g - 2 chunks of flesh
 h - 2 royal jellies
 k - 2 meat rations


   Skills:
 + Level 4.1 Fighting
 - Level 4.0 Staves
 - Level 2.0 Throwing
 + Level 4.0 Dodging


You had 2 spell levels left.
You didn't know any spells.

Dungeon Overview and Level Annotations

Branches:
Dungeon (3/15)

Altars:
Cheibriados


Innate Abilities, Weirdness & Mutations

((You reflexively headbutt those who attack you in melee.))
((You have a pair of horns on your head.))


Message History

t - a potion of lignification
Okay, then.
You turn into a tree.
Your +0 hat melds into your body.
Your +0 scale mail melds into your body.
Your roots penetrate the ground.
You feel agile all of a sudden.
You hit the two-headed ogre but do no damage.
The two-headed ogre hits you with a giant club!!
Ouch! That really hurt!
* * * LOW HITPOINT WARNING * * *
The two-headed ogre barely misses you.
You hit the two-headed ogre.
The two-headed ogre is lightly wounded.
The two-headed ogre hits you but does no damage.
The two-headed ogre hits you with a giant club!!
* * * LOW HITPOINT WARNING * * *
You hit the two-headed ogre.
The two-headed ogre is lightly wounded.
The two-headed ogre hits you with a giant club!
You die...

..▒.▒▒ ▒
▒▒▒▒▒▒▒.▒.. %▒
..........▒▒.▒
.............▒
...........▒.▒
(............
..........▒
......O♣..▒
.............▒
..........▒▒▒▒
..........▒
..........▒
..........▒
..........▒
...........


You could see a two-headed ogre.

Vanquished Creatures
  2 adders (D:2)
  An ooze (D:1)
  2 leopard geckos
  A ball python (D:2)
  4 bats (D:2)
  2 giant cockroaches (D:2)
  3 goblins
  7 hobgoblins
  3 kobolds (D:2)
  A quokka (D:2)
  4 frilled lizards
  7 rats
37 creatures vanquished.

Notes
Turn   | Place    | Note
-------+----------+-------------------------------------------
     0 | D:1      | Lahna the Minotaur Gladiator began the quest for the Orb.
     0 | D:1      | Reached XP level 1. HP: 18/18 MP: 0/0
   117 | D:1      | Reached XP level 2. HP: 25/25 MP: 1/1
   287 | D:1      | Found a snail-covered altar of Cheibriados.
   326 | D:1      | Became a worshipper of Cheibriados the Contemplative
   609 | D:2      | Reached XP level 3. HP: 31/31 MP: 2/2
   750 | D:2      | Reached * piety under Cheibriados
   995 | D:3      | Noticed a two-headed ogre
  1004 | D:3      | Mangled by a two-headed ogre

Vault maps used:
D:1:      minmay_arrival_four_circles, cheibriados_altar_1
D:2:      first_bread

Skill      XL: |  1  2  3 |
---------------+----------+-----
Fighting       | 3 4 |  4.1
Staves         | 4 |  4.0
Dodging        | 4 |  4.0
Throwing       | |  2.0

Action                   || total
-------------------------++-------
Melee: Quarterstaff      ||    77
       Headbutt          ||     9
  Use: Scroll            ||     4
       Potion            ||     2
Armor: Leather armour    ||     1
       Scale mail        ||    29
       Skin              ||     1
Dodge: Dodged            ||    47
